 Dungeon Crawl Stone Soup version 0.27-a0-1026-gbab068f60c (webtiles) character file.

Game seed: 15299684316110356092

1103 Morbidden the Skirmisher (level 8, 32/76 HPs)
             Began as a Deep Dwarf Hunter on Apr 17, 2021.
             Was a Follower of Elyvilon.
             Quit the game on level 5 of the Dungeon.
             The game lasted 00:13:13 (4151 turns).

Morbidden the Skirmisher (Deep Dwarf Hunter)        Turns: 4151, Time: 00:13:14

Health: 32/76      AC: 13    Str: 17    XL:     8   Next: 10%
Magic:  10/11      EV:  7    Int: 13    God:    Elyvilon [*.....]
Gold:   101        SH:  4    Dex: 13    Spells: 12/12 levels left

rFire    . . .     SeeInvis .   a - +1 hunting sling
rCold    . . .     Faith    .   e - +0 buckler
rNeg     . . .     Spirit   .   o - +0 chain mail
rPois    .         Reflect  .   p - +0 helmet
rElec    .         Harm     .   l - +0 cloak
rCorr    .         Rampage  .   g - +1 pair of gloves
Will     +....                  (no boots)
Stlth    ..........             (no amulet)
HPRegen  0.00/turn              (no ring)
MPRegen  0.12/turn              (no ring)

@: non-regenerating
A: damage resistance, heal wounds, sense surroundings 1, no regeneration
a: Heal Wounds, Renounce Religion, Lesser Healing, Divine Protection


You were on level 5 of the Dungeon.
You worshipped Elyvilon.
Elyvilon was aware of your devotion.
You visited 2 branches of the dungeon, and saw 6 of its levels.
You also visited: Sewer.

You collected 201 gold pieces.
You spent 100 gold pieces at shops.

Inventory:

Hand Weapons
 a - a +1 hunting sling (weapon)
 b - a +0 flail
 j - a +2 scythe of freezing
Missiles
 d - 28 sling bullets (quivered ammo)
 h - 155 stones
 i - a curare-tipped dart
 t - a throwing net
 v - 2 atropa-tipped darts
Armour
 e - a +0 buckler (worn)
 g - a +1 pair of gloves (worn)
 l - a +0 cloak (worn)
 o - a +0 chain mail (worn)
 p - a +0 helmet (worn)
Jewellery
 r - a +4 ring of evasion
 s - a ring of protection from fire
Scrolls
 f - 10 scrolls of identify
 n - a scroll of torment {unknown}
 u - a scroll of teleportation {unknown}
Potions
 c - a potion of flight
 k - a potion of degeneration
 m - 4 potions of curing


   Skills:
 * Level 6.0 Fighting
 + Level 0.3 Short Blades
 - Level 5.6 Slings
 + Level 3.8 Armour
 + Level 2.7 Dodging
 + Level 2.4 Stealth
 + Level 1.4 Shields
 * Level 2.6 Spellcasting
 * Level 2.3 Invocations


You had 12 spell levels left.
You didn't know any spells.
Your spell library contained the following spells:

 Spells                   Type           Power      Damage    Failure   Level
 Beastly Appendage        Tmut           2%         N/A       99%         1
 Wereblood                Tmut           1%         N/A       100%        2
 Spider Form              Tmut/Pois      0%         N/A       100%        3
 Ice Form                 Ice/Tmut       1%         N/A       100%        4
 Hydra Form               Tmut           0%         N/A       100%        5


Dungeon Overview and Level Annotations

Branches:
Dungeon (5/15)             Temple (1/1) D:4           Sewer (visited)

Altars:
Ashenzari
Cheibriados
Elyvilon
Fedhas
Gozag
Hepliaklqana
Kikubaaqudgha
Makhleb
Ru
Sif Muna
Trog
Uskayaw
Wu Jian
Yredelemnul
Zin
The Shining One

Shops:
D:3 *   D:4 (


Innate Abilities, Weirdness & Mutations

You are resistant to damage.
You can heal yourself by infusing magical energy.
You passively map a small area around you.
You do not regenerate.


Message History

Aim: a centaur, wielding a +0 shortbow and quivering arrows (lightly wounded, 73% to hit)
You shoot a sling bullet. The sling bullet hits the centaur.
The centaur is moderately wounded.
The centaur shoots an arrow.
The arrow hits you.
* * * LOW HITPOINT WARNING * * *
Fire: 30 sling bullets
Press: ? - help, Q - select action, (/) - cycle Shift-Dir - straight line, f/p - centaur
Aim: a centaur, wielding a +0 shortbow and quivering arrows (moderately wounded, 74% to hit)
You shoot a sling bullet. The sling bullet hits the centaur.
The centaur is heavily wounded.
The centaur shoots an arrow.
The arrow hits you.
* * * LOW HITPOINT WARNING * * *
You hear a shout!
Fire: 29 sling bullets
Press: ? - help, Q - select action, (/) - cycle Shift-Dir - straight line, f/p - centaur
Aim: a centaur, wielding a +0 shortbow and quivering arrows (heavily wounded, 73% to hit)
You shoot a sling bullet. The sling bullet hits the centaur!
The centaur is almost dead.
You hear a shout!
The centaur drinks a potion.
The centaur is healed!
A kobold brigand comes into view.
It is wielding a +0 short sword and quivering curare-tipped darts.
Unknown command.
Unknown command.
Unknown command.
Unknown command.
Unknown command.
You feel much better.
The centaur shoots an arrow.
The arrow hits you.
Unknown command.
Unknown command.
Okay, then.
You are healed.
The centaur zombie hits you but does no damage.
The centaur zombie barely misses you.
The centaur unwields a +0 shortbow.
The centaur hits you but does no damage.
The centaur kicks you but does no damage.
The centaur zombie hits you but does no damage.
The centaur zombie kicks you but does no damage.
Unknown command.
Unknown command.
Are you sure you want to abandon this character and quit the game? (Confirm with "yes".)

########### #.......†.#
#.#######.######## #.#
#.........
####@################
#...cZK(...##
#.#.........#########
#,#..###.#.(.##......
#..##.##.........## , ,
#..###.#..)##.#### *
#..# ##....##.#
*######.<###........# ,
...................####


You could see a kobold brigand, a centaur and a centaur zombie.

Vanquished Creatures
  Grinder (D:3)
  Sigmund (D:4)
  2 ice beasts (D:5)
  A kobold brigand (Sewer)
  2 scorpions
  A water moccasin skeleton (D:4)
  2 orc priests (D:5)
  A hound (D:5)
  Jessica (D:2)
  Ijyb (D:3)
  3 gnolls (D:4)
  2 howler monkey skeletons
  4 adders
  A river rat (Sewer)
  A white imp (D:2)
  A worm (D:2)
  A dart slug (D:3)
  6 orcs
  7 endoplasms
  2 giant cockroaches
  16 goblins
  2 hobgoblins
  A jackal (Sewer)
  A quokka (D:1)
  8 ball pythons
  3 bats (D:1)
  4 frilled lizards
  8 kobolds
  7 rats
91 creatures vanquished.

Vanquished Creatures (collateral kills)
  Robin (D:3)
  A goblin (D:3)
2 creatures vanquished.

Vanquished Creatures (others)
  A river rat (Sewer)
  A goblin (D:3)
  A jackal (Sewer)
3 creatures vanquished.

Grand Total: 96 creatures vanquished

Notes
Turn   | Place    | Note
-------+----------+-------------------------------------------
     0 | D:1      | Morbidden the Deep Dwarf Hunter began the quest for the
                  | Orb.
     0 | D:1      | Reached XP level 1. HP: 19/19 MP: 1/1
   157 | D:1      | You fall into a shaft and drop 1 floor!
   169 | D:2      | Noticed Jessica
   200 | D:2      | Killed Jessica
   201 | D:2      | Reached skill level 2 in Fighting
   201 | D:2      | Reached skill level 5 in Slings
   201 | D:2      | Reached XP level 2. HP: 26/26 MP: 2/2
   201 | D:2      | Reached XP level 3. HP: 32/32 MP: 3/3
  1579 | D:2      | Reached XP level 4. HP: 21/40 MP: 4/4
  1931 | D:3      | Noticed Ijyb
  1945 | D:3      | Killed Ijyb
  1946 | D:3      | Reached skill level 3 in Fighting
  2099 | D:3      | Noticed Grinder
  2104 | D:3      | Noticed Robin
  2111 | D:3      | Killed Robin
  2112 | D:3      | Reached skill level 1 in Spellcasting
  2117 | D:3      | Found an opulent altar of Gozag.
  2184 | D:4      | Noticed Sigmund
  2201 | D:4      | Reached XP level 5. HP: 22/49 MP: 6/6
  2207 | D:4      | Killed Sigmund
  2208 | D:4      | Reached skill level 1 in Armour
  2208 | D:4      | Reached XP level 6. HP: 26/57 MP: 6/8
  2277 | D:4      | Found a glowing drain.
  2297 | Sewer    | Entered a sewer
  2434 | Sewer    | Reached skill level 4 in Fighting
  2527 | Sewer    | Found a white marble altar of Elyvilon.
  2619 | Sewer    | Became a worshipper of Elyvilon the Healer
  2725 | D:3      | Paralysed by Grinder for 4 turns
  2757 | D:3      | Paralysed by Grinder for 7 turns
  2774 | D:3      | Paralysed by Grinder for 5 turns
  2786 | D:3      | Killed Grinder
  2787 | D:3      | Reached skill level 1 in Shields
  2787 | D:3      | Reached skill level 1 in Invocations
  2787 | D:3      | Reached XP level 7. HP: 8/66 MP: 8/10
  3041 | D:3      | Found Upul's General Store.
  3049 | D:3      | Bought a potion of heal wounds for 50 gold pieces
  3049 | D:3      | Bought a potion of heal wounds for 50 gold pieces
  3106 | D:3      | Found an ornate altar of the Wu Jian Council.
  3107 | D:3      | Found a shimmering blue altar of Sif Muna.
  3223 | D:4      | Found a staircase to the Ecumenical Temple.
  3274 | D:4      | Found Xeri's Antique Weapon Boutique.
  3363 | D:4      | Reached skill level 5 in Fighting
  3456 | D:4      | Reached * piety under Elyvilon
  3493 | D:4      | Found a glowing golden altar of the Shining One.
  3704 | Temple   | Entered the Ecumenical Temple
  3728 | D:5      | Entered Level 5 of the Dungeon
  3874 | D:5      | Reached XP level 8. HP: 38/76 MP: 11/11
  4129 | D:5      | Reached skill level 6 in Fighting
  4151 | D:5      | Quit the game

Illustrated notes

Levels and vault maps discovered:
D:1:      nicolae_arrival_washed_ashore, layout_basic, serial_co_window_serial,
          co_window_of_opportunity_a, co_window_corner_a,
          co_window_of_opportunity_a, co_window_paths_a, co_window_cross_1,
          co_window_paths_a, co_window_paths_b, co_window_of_opportunity_a,
          co_window_paths_b, co_window_corner_cb, co_window_broadway_a,
          co_window_of_opportunity_c, glass_columns_b, glass_columns_c
D:2:      layout_rooms, uniq_jessica
D:3:      layout_basic, nicolae_gozag_cash_rules_everything_around_me,
          gammafunk_temple_overflow_pools, serial_shops, shop, uniq_robin,
          uniq_grinder, uniq_ijyb
D:4:      layout_cave_pools, lemuel_tele_altar, minmay_temple_entry_waves,
          portal_sewer_entry_a, serial_shops, shop, uniq_sigmund
D:5:      layout_loops_ring, gammafunk_ghost_cemetery, uniq_menkaure
Temple:   nicolae_temple_x_marks_the_god

Skill      XL: |  1  2  3  4  5  6  7  8 |
---------------+-------------------------+-----
Fighting       | 2 3 4 5 6 |  6.0
Slings         | 5 |  5.6
Spellcasting   | 1 2 |  2.6
Armour         | 1 2 3 |  3.8
Stealth        | 2 |  2.4
Shields        | 1 |  1.4
Invocations    | 1 2 |  2.3
Short Blades   | |  0.3
Dodging        | |  2.7

Action                   |  1- 3 |  4- 6 |  7- 9 || total
-------------------------+-------+-------+-------++-------
Melee: Short sword       |     5 |       |       ||     5
       Flail             |       |    24 |       ||    24
 Fire: Hunting sling     |    71 |   130 |   168 ||   369
Throw: Stone             |       |     1 |       ||     1
Invok: Lesser Healing    |       |       |     3 ||     3
 Abil: Heal Wounds       |       |       |     1 ||     1
Evoke: Wand              |       |     4 |       ||     4
  Use: Scroll            |       |     5 |       ||     5
       Potion            |       |     3 |     2 ||     5
Armor: Scale mail        |     9 |    11 |       ||    20
       Leather armour    |     2 |       |       ||     2
       Chain mail        |       |    64 |    51 ||   115
Dodge: Dodged            |     7 |    28 |    42 ||    77
Block: Buckler           |     5 |    20 |     9 ||    34

Table legend: (Time is in decaauts)
 A = Elapsed time spent in this place.
 B = Non-inter-level travel time spent in this place.
 C = Inter-level travel time spent in this place.
 D = Time resting spent in this place.
 E = Time spent auto-exploring this place.
 F = Levels seen in this place.
 G = Mean time per level.
                   A        B        C        D        E       F      G
               +--------+--------+--------+--------+--------+-----+--------+
         Total |   4227 |   4052 |    175 |    213 |   2712 |   7 |  603.9 |
       Dungeon |   3797 |   3622 |    175 |    170 |   2542 |   5 |  759.4 |
        Temple |      1 |      1 |      0 |      0 |      0 |   1 |    1.0 |
         Sewer |    427 |    427 |      0 |     43 |    170 |   1 |  427.0 |
               +--------+--------+--------+--------+--------+-----+--------+

Top non-repeatable levels by time:
     D:1: 1328 daAuts
     D:3: 737 daAuts
     D:4: 708 daAuts
     D:2: 603 daAuts
   Sewer: 427 daAuts
     D:5: 419 daAuts
  Temple: 1 daAuts
